cohdb
Replays
Latest Replays
All Replays
Popular Replays
Top Player Replays
Match Explorer
How It Works
Community
CoH3 Stats
Reddit
Sign in to upload your games and track your stats! →
Sign in with Steam
Match 42168914
Unlisted
Match 42168914
Overview
Messages
Build Orders
End
Construct Weapon Support Center
Engineer Squad
Selects Armored Battlegroup
Selects Assault Engineers
M1919 Machine Gun Team
Bazooka Squad
M1919 Machine Gun Team
Assault Engineer Squad
Construct Medical Station
Mechanized Support Center
Selects Strength in Steel
M1919 Machine Gun Team
Assault Engineer Squad
Improved M9 Bazooka Rockets
Mortar Pit
M3 Armored Personnel Carrier
Selects M8 Scott SPG
M8 Scott SPG
Bazooka Squad
Selects UNKNOWN (2160077)
Construct Tank Depot
M4A3E8 Sherman Easy Eight
Improvised Armor
Selects M31 Recovery Vehicle
Selects War Machine
M4A3E8 Sherman Easy Eight
M4A3E8 Sherman Easy Eight
Assault Engineer Squad
M4A3E8 Sherman Easy Eight
Starkiller
EpicBena
Legionc90
gUi
DragonRapide
Зибирякальник младший
Пан Устиновский
_HolinesS_
0
0
Comments
sign in to comment!
No comments posted yet!